 Dungeon Crawl Stone Soup version 0.18.1-6-gd335043 (webtiles) character file.

26 mopl the Insei (level 2, 0/21 HPs)
             Began as a Vampire Transmuter on May 16, 2016.
             Killed from afar by a dart slug (3 damage)
             ... with a slug dart
             ... on level 1 of the Dungeon.
             The game lasted 00:01:03 (850 turns).

mopl the Insei (Vampire Transmuter)                  Turns: 850, Time: 00:01:03

Health: 0/21       AC:  2    Str:  9    XL:     2   Next: 89%
Magic:  5/5        EV: 13    Int: 15    God:
Gold:   19         SH:  0    Dex: 14    Spells: 1 memorised, 4 levels left

rFire  . . .     SeeInvis +     e - +0 short sword
rCold  . . .     Gourm    .     b - +0 robe
rNeg   + . .     Faith    .     (no shield)
rPois  .         Spirit   .     (no helmet)
rElec  .         Dismiss  .     (no cloak)
rCorr  .         Reflect  .     (no gloves)
SustAt .         Harm     .     (no boots)
MR     .....                    (no amulet)
Stlth  ++........               (no ring)
                                (no ring)

@: not resistant to hostile enchantments, unstealthy
A: fangs 3, see invisible, unbreathing
a: no special abilities


You were on level 1 of the Dungeon.
You were not thirsty.

You visited 1 branch of the dungeon, and saw 1 of its levels.

You collected 19 gold pieces.

Inventory:

Hand Weapons
 e - a +0 short sword (weapon)
Missiles
 a - 12 arrows
 k - 4 poisoned needles
Armour
 b - a +0 robe (worn)
Scrolls
 f - a scroll of identify {unknown}
 h - a scroll of immolation {unknown}
 j - a scroll of noise {unknown}
Potions
 d - a potion of blood
 g - 2 potions of mutation {unknown}
 i - 2 potions of resistance {unknown}
Books
 c - a book of Changes

   Spells                             Type                      Level
   a - Beastly Appendage              Transmutation                1
   b - Sticks to Snakes               Transmutation                2
   c - Spider Form                    Transmutation/Poison         3
   d - Ice Form                       Ice/Transmutation            4
   e - Blade Hands                    Transmutation                5


   Skills:
 + Level 1.4 Fighting
 * Level 1.5 Short Blades
 + Level 2.4 Dodging
 + Level 1.9 Stealth
 - Level 3.2 Unarmed Combat
 - Level 2.0 Spellcasting
 - Level 2.1 Transmutations


You had 4 spell levels left.
You knew the following spells:

 Your Spells              Type           Power        Failure   Level  Hunger
a - Beastly Appendage     Trmt           #.....       12%         1    #......


Dungeon Overview and Level Annotations

Branches:
Dungeon (1/15)

Altars:


Innate Abilities, Weirdness & Mutations

You have razor-sharp teeth.
You have supernaturally acute eyesight.
You can survive without breathing.


Message History

The jackal misses you.
You hit the jackal.
You kill the jackal!
The dart slug launches a dart at you. The slug dart hits you!
* * * LOW HITPOINT WARNING * * *
Things that are here:
a jackal corpse x2
You hit the dart slug.
The dart slug is heavily wounded.
The dart slug launches a dart at you. The slug dart hits you!
* * * LOW HITPOINT WARNING * * *
You hit the dart slug but do no damage. You bite the dart slug.
The dart slug is severely wounded.
You hit the dart slug.
The dart slug is severely wounded.
The dart slug launches a dart at you. The slug dart hits you!
You die...

##.##.# #.# ##.. ##.##.# #.# #...
##.##.# #.#####..# ##.##.#
#........# #.#.#.# ### #######.##
##.##.# ..# #.# ......# #.# #.#
.###..## #w# #.# .###...# #@# #.#
.......# #.# #)# ..#....#
#.###### #.# #...##.##
#%.....########.#
##.##...###########.#..........##
#...............##...#########.[
####...########................#
##.## ################## #.#


You could see a dart slug.

Vanquished Creatures
  A bat (D:1)
  A giant cockroach (D:1)
  4 goblins (D:1)
  2 hobgoblins (D:1)
  8 jackals (D:1)
  A giant newt (D:1)
  2 kobolds (D:1)
  3 rats (D:1)
22 creatures vanquished.

Notes
Turn   | Place    | Note
--------------------------------------------------------------
     0 | D:1      | mopl the Vampire Transmuter began the quest for the Orb.
     0 | D:1      | Reached XP level 1. HP: 14/14 MP: 3/3
    53 | D:1      | Reached skill level 1 in Stealth
   123 | D:1      | Reached skill level 1 in Fighting
   170 | D:1      | Reached XP level 2. HP: 3/21 MP: 5/5
   525 | D:1      | Reached skill level 1 in Short Blades
   850 | D:1      | Killed from afar by a dart slug

Skill      XL: |  1  2 |
---------------+-------+-----
Stealth        | 1 |  1.9
Fighting       | 1 |  1.4
Short Blades   | 1 |  1.5
Dodging        | |  2.4
Unarmed Combat | |  3.2
Spellcasting   | |  2.0
Transmutations | |  2.1

Action                   || total
-------------------------++-------
Melee: Short sword       ||    84
       Unarmed           ||     4
       Bite              ||     6
 Stab: Sleeping          ||     2
Armor: Robe              ||    28
Dodge: Dodged            ||    58
